 Dungeon Crawl Stone Soup version 0.28.0-53-g5a82cb258f (webtiles) character file.

Game seed: 5032362193428787157

5978 SanguineChosen the Blocker (level 10, -2/60 HPs)
             Began as a Gargoyle Fighter on July 19, 2022.
             Killed by divine providence
             ... invoked by an orc priest
              (13 damage)
             ... on level 8 of the Dungeon.
             The game lasted 00:33:03 (8109 turns).

SanguineChosen the Blocker (Gargoyle Fighter)       Turns: 8109, Time: 00:33:03

Health: -2/60      AC: 30    Str: 26    XL:     10   Next: 85%
Magic:  10/10      EV:  6    Int:  9    God:
Gold:   434        SH: 21    Dex: 20    Spells: 9/9 levels left

rFire   + . .      SeeInvis +   f - +4 flail (protect)
rCold   . . .      Faith    .   t - +2 tower shield {AC+3}
rNeg    + + +      Spirit   .   z - +4 chain mail of the Minstrel {rF- rN+++ Dex+5}
rPois   ∞          Reflect  .   q - +0 helmet
rElec   +          Harm     .   (no cloak)
rCorr   +          Rampage  .   G - +2 pair of gloves
Will    .....                   a - +0 pair of boots
Stlth   ..........              (no amulet)
HPRegen 0.20/turn               m - ring of Lufoupt {Fire rN+ Str+2 SInv}
MPRegen 0.12/turn               C - +6 ring of dexterity

@: resistant
A: sickness immunity, AC +7, negative energy resistance 1, electricity
resistance, torment resistance 1, petrification resistance
a: no special abilities


You were on level 8 of the Dungeon.
You visited 1 branch of the dungeon, and saw 8 of its levels.

You collected 434 gold pieces.

Inventory:

Hand Weapons
 f - a +4 flail of protection (weapon)
 F - a +3 spear
Missiles
 h - 20 poisoned darts (quivered)
 A - 4 curare-tipped darts
Armour
 a - a +0 pair of boots (worn)
 b - a +0 scale mail
 c - a +0 buckler
 q - a +0 helmet (worn)
 t - a +2 tower shield of protection (worn)
 z - the +4 chain mail of the Minstrel (worn) {rF- rN+++ Dex+5}
   (You found it on level 4 of the Dungeon)

   Dex:       It affects your dexterity (+5).
   rF:        It makes you vulnerable to fire.
   rN:        It renders you almost immune to negative energy.
 G - a +2 pair of gloves (worn)
Jewellery
 i - an amulet of faith
 l - a ring of see invisible
 m - the ring of Lufoupt (left hand) {Fire rN+ Str+2 SInv}
   (You found it on level 6 of the Dungeon)

   [ring of fire]

   It enhances your fire magic.
   Str:       It affects your strength (+2).
   rF:        It protects you from fire.
   rC:        It makes you vulnerable to cold.
   rN:        It protects you from negative energy.
   SInv:      It lets you see invisible.
 B - a +4 ring of evasion
 C - a +6 ring of dexterity (right hand)
Wands
 v - a wand of iceblast (7)
Scrolls
 g - 2 scrolls of identify
 s - a scroll of enchant armour {unknown}
 x - a scroll of magic mapping {unknown}
 y - 3 scrolls of teleportation
Potions
 d - a potion of might
 e - a potion of lignification {unknown}
 j - a potion of resistance
 k - a potion of heal wounds {unknown}
 n - 2 potions of flight
 o - a potion of degeneration {unknown}
 p - a potion of haste
 r - a potion of attraction {unknown}
 u - a potion of brilliance {unknown}
 w - a potion of cancellation {unknown}


   Skills:
 + Level 6.0 Fighting
 + Level 9.7 Maces & Flails
 + Level 6.2 Armour
 - Level 0.4 Dodging
 + Level 2.0 Stealth
 * Level 12.2 Shields


You had 9 spell levels left.
You didn't know any spells.
Your spell library contained the following spells:

 Spells                   Type           Power      Damage    Failure   Level
 Magic Dart               Conj           0%         1d3       100%        1
 Searing Ray              Conj           0%         2d4       100%        2
 Call Canine Familiar     Summ           0%         N/A       100%        3
 Portal Projectile        Hex/Tloc       0%         N/A       100%        3
 Tukima's Dance           Hex            0%         N/A       100%        3
 Anguish                  Hex/Necr       0%         N/A       100%        4
 Fulminant Prism          Conj/Hex       0%         3d6       100%        4
 Leda's Liquefaction      Hex/Erth       0%         N/A       100%        4
 Enfeeble                 Hex            0%         N/A       100%        7


Dungeon Overview and Level Annotations

Branches:
Dungeon (8/15)             Temple (0/1) D:5
   Lair: D:8-11

Altars:
Dithmenos
Gozag
Qazlal
Ru
Vehumet
The Shining One

Annotations:
D:3 exclusion: statue


Innate Abilities, Weirdness & Mutations

You are immune to sickness and miasma.
Your stone body is resilient. (AC +7)
You are immune to poison.
You resist negative energy. (rN+)
You are resistant to electric shocks. (rElec)
You are resistant to unholy torment.
You are immune to petrification.


Message History

An orc comes into view. It is wielding a +0 whip.
You closely miss the orc warrior. You block the orc warrior's attack.
You block the orc priest's attack. The orc hits you but does no damage.
The orc warrior hits you but does no damage.
The orc priest calls down the wrath of Beogh upon you.
You are unaffected.
You block the orc's attack.
You thump the orc warrior!
Your weapon exudes an aura of protection.
The orc warrior is moderately wounded.
The orc warrior hits you with a +0 mace!
You hit the orc warrior but do no damage.
The orc warrior is moderately wounded.
The orc warrior hits you with a +0 mace!
You hit the orc warrior.
The orc warrior is heavily wounded.
The orc warrior hits you but does no damage.
The orc priest mumbles some strange prayers to Beogh against you.
Beogh smites you! You block the orc warrior's attack.
You closely miss the orc warrior.
The orc warrior is heavily wounded.
You block the orc warrior's attack.
The orc priest mumbles some strange prayers to Beogh against you.
Beogh smites you!
You barely miss the orc warrior.
The orc warrior is heavily wounded.
The orc priest miscasts a cantrip.
You block the orc warrior's attack.
The orc priest mumbles some strange prayers to Beogh against you.
Beogh smites you!
* * * LOW HITPOINT WARNING * * *
Aiming: Iceblast
Press: ? - help, Q - select action, (/) - cycle Shift-Dir - straight line, f - orc
Aim: an orc, wielding a +0 short sword and quivering boomerangs That beam is likely to hit you.
Continue anyway?
Okay, then.
You feel protected. You block the orc warrior's attack.
The orc priest invokes the aid of Beogh against you.
Beogh smites you!
You die...

#..... #....##
#..... #....
#.........
#.........
#.#........
#@#o..[.#...##
#o#..........#
#o#..........##
###o#............
#.ooo$o..........
#.....#........#
#.....#........##.
#.....#..).......#
#####...))..#....#
.


You could see an orc warrior, 2 orc priests and 3 orcs.

Vanquished Creatures
  A two-headed ogre (D:8)
  Joseph (D:7)
  The ghost of Lennethare the Vexing, a novice DECj (D:6)
  An unseen horror (D:6)
  5 yaks (D:8)
  A wyvern (D:8)
  A vampire (D:6)
  A steam dragon (D:7)
  A water moccasin (D:5)
  An acid dragon (D:6)
  3 orc warriors
  A hornet zombie (D:5)
  4 ice beasts
  A black bear (D:6)
  A sky beast (D:7)
  2 necrophages
  3 ogres (D:6)
  3 bullfrogs
  4 scorpions
  A wyvern skeleton (D:7)
  2 water moccasin skeletons
  4 killer bees (D:8)
  5 wights (D:8)
  An electric eel (D:8)
  4 jellies
  An orc priest (D:2)
  A gnoll shaman (D:7)
  A centaur zombie (D:6)
  2 bullfrog skeletons (D:6)
  4 centaur skeletons
  3 iguanas
  4 orc wizards
  A killer bee zombie (D:6)
  A centaur simulacrum (D:6)
  A hound skeleton (D:4)
  A howler monkey zombie (D:6)
  6 adders
  4 gnolls (D:7)
  A shadow imp (D:6)
  8 white imps (D:6)
  An ufetubus (D:4)
  2 worms
  A dart slug (D:1)
  24 orcs
  3 bats
  9 endoplasms
  6 giant cockroaches
  10 goblins
  5 hobgoblins
  10 jackals
  3 quokkas
  10 ball pythons
  3 frilled lizards
  2 goblin skeletons (D:6)
  2 goblin zombies (D:6)
  4 hobgoblin zombies (D:6)
  4 kobolds
  3 kobold skeletons (D:6)
  6 rats
200 creatures vanquished.

Vanquished Creatures (others)
  A wight (D:7)
1 creature vanquished.

Grand Total: 201 creatures vanquished

Notes
Turn   | Place    | Note
-------+----------+-------------------------------------------
     0 | D:1      | SanguineChosen the Gargoyle Fighter began the quest for the
                  | Orb.
     0 | D:1      | Reached XP level 1. HP: 14/14 MP: 1/1
   111 | D:1      | Reached XP level 2. HP: 19/19 MP: 2/2
   453 | D:1      | Reached XP level 3. HP: 23/23 MP: 3/3
   732 | D:2      | Found a faded altar of an unknown god.
  1732 | D:2      | Reached XP level 4. HP: 29/29 MP: 4/4
  1931 | D:3      | Reached XP level 5. HP: 30/33 MP: 5/5
  2176 | D:3      | Found an opulent altar of Gozag.
  2324 | D:3      | Found a sacrificial altar of Ru.
  2457 | D:3      | Found a radiant altar of Vehumet.
  2457 | D:3      | Noticed a charred statue
  2888 | D:4      | Reached skill level 4 in Shields
  3136 | D:4      | Reached skill level 1 in Stealth
  3136 | D:4      | Reached XP level 6. HP: 35/38 MP: 6/6
  3617 | D:4      | Noticed a necrophage
  3634 | D:4      | Killed a necrophage
  3635 | D:4      | Reached skill level 5 in Shields
  3635 | D:4      | Reached XP level 7. HP: 39/43 MP: 7/7
  3636 | D:4      | Identified the +4 chain mail of the Minstrel {rF- rN+++
                  | Dex+5}
  3967 | D:5      | Entered Level 5 of the Dungeon
  4030 | D:5      | Reached skill level 5 in Maces & Flails
  4186 | D:5      | Reached skill level 6 in Shields
  4252 | D:5      | Found a shadowy altar of Dithmenos.
  4467 | D:5      | Reached XP level 8. HP: 48/48 MP: 8/8
  4519 | D:5      | Reached skill level 5 in Armour
  4571 | D:5      | Found a staircase to the Ecumenical Temple.
  4606 | D:5      | Reached skill level 7 in Shields
  5047 | D:6      | Found a runed translucent gate.
  5047 | D:6      | Found a runed translucent gate.
  5047 | D:6      | Found a runed translucent gate.
  5136 | D:6      | Found a stormy altar of Qazlal.
  5257 | D:6      | Noticed Lennethare's ghost (novice DECj)
  5436 | D:6      | Noticed a vampire
  5445 | D:6      | Reached skill level 8 in Shields
  5447 | D:6      | Killed a vampire
  5458 | D:6      | Reached XP level 9. HP: 14/53 MP: 9/9
  5836 | D:6      | Found a glowing golden altar of the Shining One.
  6037 | D:6      | Noticed an unseen horror
  6077 | D:6      | Killed an unseen horror
  6078 | D:6      | Reached skill level 5 in Fighting
  6078 | D:6      | Reached skill level 9 in Shields
  6715 | D:6      | Killed Lennethare's ghost
  6728 | D:6      | Reached skill level 10 in Shields
  6815 | D:6      | Got the ring of Lufoupt {Fire rN+ Str+2 SInv}
  6941 | D:7      | Noticed Joseph
  6978 | D:7      | Killed Joseph
  6979 | D:7      | Reached XP level 10. HP: 56/59 MP: 10/10
  7417 | D:7      | Reached skill level 11 in Shields
  7876 | D:8      | Noticed a two-headed ogre
  7923 | D:8      | Killed a two-headed ogre
  7924 | D:8      | Reached skill level 12 in Shields
  8109 | D:8      | Killed from afar by an orc priest

Illustrated notes

Levels and vault maps discovered:
D:1:      giann_forest_graveyard, layout_loops_ring, serial_park_tiny_2
D:2:      layout_loops_ring, basic_ecumenical_altar, kennysheep_potato
D:3:      layout_loops_ring, mainiacjoe_overflow_small_starburst,
          nicolae_ru_great_annihilating_truth, vehumet_statue,
          chequers_serial_rivers_small_a, saegor_snake_ambush
D:4:      layout_layer_cave, hangedman_decor_growths, minmay_splitting_lines
D:5:      layout_loops_ring, lemuel_coloured_pillars_altar,
          minmay_temple_entry_butterflies
D:6:      layout_loops_cross, nicolae_tso_besieged_by_evil,
          mainiacjoe_overflow_surrounded_room, gammafunk_ghost_icy,
          minmay_crystal_room, minivault_4, kennysheep_nub,
          minmay_divided_ellipse
D:7:      minmay_general_purpose_star, layout_rooms, uniq_joseph
D:8:      layout_basic, general_overflow_altar, old_standard_altar,
          nicolae_water_bricks

Skill      XL: |  1  2  3  4  5  6  7  8  9 10 |
---------------+-------------------------------+-----
Maces & Flails | 3 4 5 6 8 9 |  9.7
Armour         | 4 5 6 |  6.2
Fighting       | 4 5 6 |  6.0
Shields        | 4 5 6 8 10 12 | 12.2
Stealth        | 1 2 |  2.0
Dodging        | |  0.4

Action                   |  1- 3 |  4- 6 |  7- 9 | 10-12 || total
-------------------------+-------+-------+-------+-------++-------
Melee: Flail             |   119 |   131 |   335 |   136 ||   721
Evoke: Wand              |       |       |       |     1 ||     1
  Use: Scroll            |       |       |    12 |     2 ||    14
       Potion            |       |       |     4 |     3 ||     7
 Stab: Paralysed         |       |     2 |       |       ||     2
Armor: Scale mail        |    64 |    68 |       |       ||   132
       Chain mail        |       |       |   218 |    85 ||   303
Dodge: Dodged            |    46 |    28 |    56 |    15 ||   145
Block: Buckler           |    23 |     6 |       |       ||    29
       Tower shield      |       |    88 |   372 |   167 ||   627
